Map: Bel'Shir Vestige LE (Void)

Players

Harstem - Winner!

  • Race: Protoss Protoss
  • Spawn Location: 11:00

JonSnow

  • Race: Zerg Zerg
  • Spawn Location: 5:00

Event: WCS Austin 2017

VOD

Have the link to the VOD?

Description

Time

  • Played on: April 28, 2017, 8:22 p.m.
  • Length: 7:36

All games in this series

Show
View Real Time Build Order
Export as new Build Order

Harstem Protoss - Winner!

Build Orders: Nexus First, Mass Adepts 

Get SALT Encoding   

  12  0:00  Probe (Chrono Boost)  
  13  0:11  Probe (Chrono Boost)  
  14  0:20  Pylon  
  14  0:22  Probe (Chrono Boost)  
  15  0:38  Probe (Chrono Boost)  
  16  0:49  Probe (Chrono Boost)  
  17  0:57  Nexus  
  17  1:08  Gateway  
  17  1:10  Probe (Chrono Boost)  
  18  1:18  Assimilator  
  18  1:21  Probe (Chrono Boost)  
  19  1:27  Assimilator  
  19  1:31  Probe (Chrono Boost)  
  20  1:42  Probe (Chrono Boost)  
  20  1:45  Gateway  
  21  1:52  Probe (Chrono Boost)  
  22  1:55  Cybernetics Core  
  22  2:03  Probe (Chrono Boost)  
  23  2:12  Probe (Chrono Boost)  
  23  2:13  Probe (Chrono Boost)  
  25  2:22  Probe (Chrono Boost)  
  26  2:24  Probe (Chrono Boost)  
  26  2:29  Adept x2  
  27  2:33  Warp Gate  
  27  2:34  Probe (Chrono Boost)  
  27  2:36  Probe (Chrono Boost)  
  33  2:44  Pylon  
  33  2:46  Twilight Council, Probe (Chrono Boost)  
  33  2:47  Probe (Chrono Boost)  
  35  2:56  Probe (Chrono Boost)  
  35  2:58  Probe (Chrono Boost)  
  37  3:03  Gateway  
  37  3:06  Adept  
  37  3:07  Probe (Chrono Boost)  
  37  3:09  Probe (Chrono Boost), Adept  
  43  3:15  Pylon  
  43  3:18  Probe (Chrono Boost)  
  43  3:19  Probe (Chrono Boost)  
  45  3:22  Resonating Glaives  
  45  3:30  Probe (Chrono Boost), Adept  
  45  3:33  Adept  
  49  3:34  Probe (Chrono Boost), Pylon  
  52  3:42  Probe (Chrono Boost)  
  52  3:44  Assimilator  
  52  3:46  Assimilator  
  52  3:47  Probe (Chrono Boost)  
  53  3:52  Adept  
  53  3:54  Probe (Chrono Boost)  
  56  3:59  Probe (Chrono Boost), Adept  
  59  4:06  Probe (Chrono Boost)  
  59  4:08  Adept  
  59  4:11  Probe (Chrono Boost)  
  59  4:12  Pylon  
  60  4:18  Robotics Facility, Probe (Chrono Boost)  
  61  4:25  Pylon  
  61  4:29  Mothership Core (Chrono Boost)  
  61  4:31  Pylon  
  62  4:44  Stalker  
  62  4:45  Probe (Chrono Boost), Adept x2  
  67  4:49  Probe (Chrono Boost), Pylon  
  70  4:57  Probe (Chrono Boost)  
  72  5:00  Warp Prism  
  72  5:01  Probe (Chrono Boost)  
  74  5:08  Nexus  
  74  5:09  Pylon, Sentry x3  
  74  5:13  Probe (Chrono Boost), Pylon  
  81  5:17  Probe (Chrono Boost)  
  82  5:22  Pylon  
  82  5:25  Probe (Chrono Boost)  
  82  5:30  Probe (Chrono Boost)  
  82  5:33  Adept x2  
  82  5:34  Adept  
  82  5:35  Immortal  
  88  5:38  Probe (Chrono Boost)  
  88  5:42  Probe (Chrono Boost)  
  95  5:50  Probe (Chrono Boost)  
  95  5:53  Pylon, Adept  
  95  5:54  Probe (Chrono Boost), Sentry  
  95  5:55  Sentry  
  102  6:03  Pylon  
  100  6:07  Probe (Chrono Boost)  
  100  6:09  Immortal  
  101  6:16  Adept  
  103  6:19  Adept x2  
  103  6:23  Gateway x2  
  89  6:29  Probe (Chrono Boost)  
  89  6:31  Probe (Chrono Boost)  
  83  6:38  Adept  
  83  6:39  Adept x2  
  89  6:49  Immortal, Gateway  
  89  6:51  Gateway  
  93  7:00  Adept x3  
  99  7:02  Gateway  
  99  7:05  Gateway  
  100  7:10  Probe (Chrono Boost), Pylon  
  100  7:14  Probe (Chrono Boost)  
  101  7:22  Adept  
  101  7:25  Zealot x2  
  101  7:26  Zealot  
  107  7:33  Cybernetics Core  
Show
View Real Time Build Order
Export as new Build Order

JonSnow Zerg 

Build Orders: Hatch First 

Get SALT Encoding   

  12  0:00  Drone  
  13  0:15  Drone  
  13  0:17  Overlord  
  13  0:21  Extractor  
  13  0:23  Drone  
  16  0:35  Drone  
  16  0:37  Drone  
  17  0:52  Hatchery  
  17  0:55  Drone  
  17  1:04  Drone  
  18  1:09  Extractor  
  17  1:16  Drone, Spawning Pool  
  17  1:21  Drone  
  18  1:33  Overlord  
  18  1:41  Drone  
  19  2:03  Queen, Zergling x4  
  19  2:06  Queen  
  19  2:07  Drone  
  26  2:16  Drone x2  
  26  2:17  Metabolic Boost  
  28  2:24  Drone  
  29  2:32  Drone  
  30  2:39  Hatchery  
  30  2:43  Evolution Chamber  
  28  2:47  Zergling x6  
  31  2:53  Zergling x2  
  31  2:58  Zergling x4  
  34  3:09  Overlord  
  34  3:20  Zergling x4  
  34  3:23  Overlord  
  36  3:31  Zergling x10  
  41  3:35  Queen  
  43  3:42  Zergling x4  
  45  3:49  Zergling x12  
  51  3:59  Zergling x4  
  52  4:09  Zergling x6  
  53  4:16  Drone x3  
  54  4:19  Drone x2  
  54  4:20  Baneling Nest  
  54  4:21  Drone  
  56  4:26  Drone  
  56  4:29  Overlord  
  57  4:36  Overlord  
  57  4:45  Overlord  
  57  4:52  Zergling x10  
  62  4:53  Zergling x2  
  62  4:58  Drone x2  
  62  4:59  Drone  
  66  5:01  Zergling x2  
  66  5:02  Zergling x2  
  68  5:07  Zergling x4  
  68  5:09  Baneling x2  
  68  5:11  Zergling x2  
  71  5:18  Zergling x4  
  67  5:31  Zergling x14  
  67  5:32  Zergling x4  
  72  5:37  Zergling x2  
  73  5:46  Overlord x3  
  73  5:48  Baneling x4  
  73  5:54  Baneling x2  
  73  6:09  Zergling x2  
  73  6:10  Zergling x18  
  67  6:20  Zergling x12  
  59  6:26  Zergling x4  
  59  6:31  Zergling x2  
  59  6:32  Zergling x2  
  59  6:37  Zergling x2  
  60  6:42  Baneling x4  
  60  6:43  Baneling  
  60  6:48  Baneling x3  
  60  6:50  Zergling x8  
  60  6:51  Zergling x4  
  60  6:53  Zergling x2  
  67  6:55  Baneling  
  67  7:02  Overlord  
  67  7:04  Baneling  
  67  7:05  Zergling x6  
Tags
 
Add a new tag
Caveats
  • Supply blocks, unpowered buildings, or Contaminate may cause inaccurate times.
  • Supply counts are checked every 10 seconds.